 Dungeon Crawl Stone Soup version 0.28-a0-773-g130ae17fe5 (webtiles) character file.

Game seed: 3744158381262458531

470 Essalna the Firebug (level 7, -4/36 HPs)
             Began as a Gargoyle Fire Elementalist on Nov 2, 2021.
             Was an Initiate of Vehumet.
             Slain by Edmund (9 damage)
             ... on level 4 of the Dungeon.
             The game lasted 00:10:30 (4894 turns).

Essalna the Firebug (Gargoyle Fire Elementalist)    Turns: 4894, Time: 00:10:31

Health: -4/36      AC:  6    Str: 11    XL:     7   Next: 9%
Magic:  4/12       EV: 11    Int: 18    God:    Vehumet [......]
Gold:   70         SH:  4    Dex: 10    Spells: 10/13 levels left

rFire   . . .      SeeInvis .   m - +3 short sword (holy)
rCold   + . .      Faith    .   q - +0 buckler
rNeg    + . .      Spirit   .   a - +0 robe
rPois   ∞          Reflect  .   (no helmet)
rElec   +          Harm     .   (no cloak)
rCorr   .          Rampage  .   (no gloves)
Will    .....                   (no boots)
Stlth   ++........              (no amulet)
HPRegen 0.12/turn               s - ring of protection from cold
MPRegen 0.13/turn               (no ring)

@: no status effects
A: sickness immunity, AC +4, negative energy resistance 1, electricity
resistance, torment resistance 1, petrification resistance
a: Renounce Religion


You were on level 4 of the Dungeon.
You worshipped Vehumet.
Vehumet was noncommittal.
You visited 2 branches of the dungeon, and saw 5 of its levels.
You also visited: Ossuary.

You collected 70 gold pieces.

Inventory:

Hand Weapons
 b - a +0 spear
 g - a +1 short sword of distortion
 m - a +3 short sword of holy wrath (weapon)
Armour
 a - a +0 robe (worn)
 q - a +0 buckler (worn)
Jewellery
 s - a ring of protection from cold (left hand)
Scrolls
 c - a scroll of amnesia
 r - a scroll of teleportation
Potions
 e - 2 potions of attraction
 h - 2 potions of heal wounds {unknown}
 i - a potion of might {unknown}
 j - 5 potions of curing
 l - 4 potions of flight {unknown}
 n - 3 potions of mutation {unknown}
 o - a potion of haste
 p - a potion of lignification
 t - a potion of cancellation


   Skills:
 - Level 1.5 Dodging
 - Level 2.1 Stealth
 + Level 2.4 Shields
 + Level 3.9 Spellcasting
 + Level 4.2 Conjurations
 + Level 4.9 Fire Magic


You had 10 spell levels left.
You knew the following spells:

 Your Spells              Type           Power      Damage    Failure   Level
a - Foxfire               Conj/Fire      80%        2x1d8     2%          1
b - Scorch                Fire           42%        2d7       3%          2

Your spell library contained the following spells:

 Spells                   Type           Power      Damage    Failure   Level
 Conjure Flame            Conj/Fire      20%        6-21      9%          3
 Inner Flame              Hex/Fire       12%        N/A       19%         3
 Corpse Rot               Necr/Air       6%         N/A       26%         2
 Poisonous Vapours        Pois/Air       6%         N/A       26%         2
 Flame Wave               Conj/Fire      20%        3d6       26%         4


Dungeon Overview and Level Annotations

Branches:
Dungeon (4/15)             Temple (1/1) D:4         Ossuary (visited)

Altars:
Ashenzari
Cheibriados
Dithmenos
Elyvilon
Fedhas
Gozag
Hepliaklqana
Kikubaaqudgha
Makhleb
Nemelex Xobeh
Okawaru
Qazlal
Ru
Sif Muna
Uskayaw
Vehumet
Wu Jian
Xom
Yredelemnul
Zin
The Shining One

Annotations:
D:4 Edmund


Innate Abilities, Weirdness & Mutations

You are immune to sickness and miasma.
Your stone body is resilient. (AC +4)
You are immune to poison.
You resist negative energy. (rN+)
You are resistant to electric shocks. (rElec)
You are resistant to unholy torment.
You are immune to petrification.


Message History

There is a staircase back to the Dungeon here.
Okay, then.
As you read the scroll labelled VALUXT KINGIA, it crumbles to dust.
The air around you briefly surges with heat, but it dissipates.
It was a scroll of immolation.
Unknown command.
As you read the scroll of identify, it crumbles to dust.
t - a potion of cancellation
As you read the scroll of identify, it crumbles to dust.
p - a potion of lignification You climb upwards.
Welcome back to the Dungeon!
Level annotation: Edmund Edmund misses you.
Edmund hits you with a +2 dire flail of protection!
There is a staircase to the Ecumenical Temple here.
As you read the scroll of fear, it crumbles to dust.
You assume a fearsome visage.
Edmund looks frightened!
Casting: Foxfire (safe; 2% risk of failure)
Confirm with . or Enter, or press ? or * to list all spells.
Flames lash Edmund.
Your attack snaps Edmund out of his fear.
Edmund is lightly wounded.
Edmund's fire resistance burns away.
Casting: Scorch (safe; 3% risk of failure)
Confirm with . or Enter, or press ? or * to list all spells.
Flames lash Edmund.
Edmund is lightly wounded.
Edmund hits you with a +2 dire flail of protection!
Casting: Scorch (safe; 3% risk of failure)
Confirm with . or Enter, or press ? or * to list all spells.
Flames lash Edmund.
Edmund is burned terribly!
Edmund is moderately wounded.
Edmund is no longer more vulnerable to fire.
Edmund hits you with a +2 dire flail of protection.
* * * LOW HITPOINT WARNING * * *
Casting: Scorch (safe; 3% risk of failure)
Confirm with . or Enter, or press ? or * to list all spells.
Flames lash Edmund but do no damage.
Edmund hits you with a +2 dire flail of protection!
You die...

#...##..##..##).##........
.............#...#..##....
.......>.....+...#..#####+
...##...@..##..##..#
##..###..#..##..# #..##
##........#
#.##.##.........#
#..#.......#.##..#
...#..@@..#..######
..........###.#
#..=.####..# #..# #..?#
##.. #..# #... .#..##.. .
... #.# .. #.#. .# ####


You could see Edmund.

Vanquished Creatures
  3 water moccasin zombies (Ossuary)
  A human zombie (D:4)
  2 orc wizards
  2 mummies (Ossuary)
  3 adders
  4 gnolls
  7 adder zombies (Ossuary)
  3 worms
  A dart slug (D:3)
  6 orcs
  7 endoplasms
  3 giant cockroaches
  10 hobgoblins
  4 jackals (D:2)
  5 kobolds
  A quokka (D:1)
  3 ball pythons
  A bat (D:1)
  6 gnoll zombies (Ossuary)
  10 goblins
  3 hobgoblin zombies (Ossuary)
  7 kobold zombies (Ossuary)
  An orc skeleton (D:4)
  3 orc zombies (Ossuary)
  11 rats
107 creatures vanquished.

Vanquished Creatures (others)
  393 foxfires
393 creatures vanquished.

Grand Total: 500 creatures vanquished

Notes
Turn   | Place    | Note
-------+----------+-------------------------------------------
     0 | D:1      | Essalna the Gargoyle Fire Elementalist began the quest for
                  | the Orb.
     0 | D:1      | Reached XP level 1. HP: 10/10 MP: 3/3
    41 | D:1      | Reached XP level 2. HP: 15/15 MP: 0/5
   564 | D:1      | Reached XP level 3. HP: 19/19 MP: 1/6
   634 | D:1      | Found a faded altar of an unknown god.
  1481 | D:1      | Reached XP level 4. HP: 21/24 MP: 1/8
  2547 | D:2      | Reached XP level 5. HP: 28/28 MP: 3/9
  2829 | D:3      | Learned a level 2 spell: Scorch
  3800 | D:4      | Identified a scroll of acquirement
  3800 | D:4      | Acquired 496 gold pieces
  3884 | D:4      | Found a staircase to the Ecumenical Temple.
  3925 | D:4      | Reached skill level 1 in Shields
  3933 | D:4      | Found a sand-covered staircase.
  3945 | D:4      | Reached XP level 6. HP: 19/32 MP: 11/11
  3947 | Ossuary  | Entered an ossuary
  4453 | Ossuary  | Reached XP level 7. HP: 24/36 MP: 5/12
  4814 | D:4      | Noticed Edmund
  4825 | Temple   | Entered the Ecumenical Temple
  4871 | Temple   | Became a worshipper of Vehumet
  4894 | D:4      | Slain by Edmund

Illustrated notes

Levels and vault maps discovered:
D:1:      dpeg_arrival_tiny_a, layout_loops_ring,
          hellmonk_ecumenical_altar_arch_garden
D:2:      layout_loops_ring
D:3:      layout_basic, grunt_ministairs_5
D:4:      layout_gridville, minmay_temple_entry_wispy,
          nicolae_ossuary_entry_catacombs, nrook_mini_vaults, uniq_edmund
Temple:   nicolae_temple_the_god_donut

Skill      XL: |  1  2  3  4  5  6 |
---------------+-------------------+-----
Conjurations   | 2 3 4 |  4.2
Spellcasting   | 3 |  3.9
Fire Magic     | 4 |  4.9
Shields        | 1 2 |  2.4
Dodging        | |  1.5
Stealth        | |  2.1

Action                   |  1- 3 |  4- 6 |  7- 9 || total
-------------------------+-------+-------+-------++-------
Melee: Spear             |    35 |     2 |       ||    37
       Short sword       |       |    87 |    10 ||    97
 Cast: Foxfire           |    63 |   152 |    20 ||   235
       Scorch            |       |       |     4 ||     4
  Use: Scroll            |       |     8 |     4 ||    12
       Potion            |       |     1 |       ||     1
 Stab: Sleeping          |       |     2 |       ||     2
Armor: Robe              |    14 |    28 |     2 ||    44
Dodge: Dodged            |    32 |    42 |     6 ||    80
Block: Buckler           |       |     9 |       ||     9

Table legend: (Time is in decaauts)
 A = Elapsed time spent in this place.
 B = Non-inter-level travel time spent in this place.
 C = Inter-level travel time spent in this place.
 D = Time resting spent in this place.
 E = Time spent auto-exploring this place.
 F = Levels seen in this place.
 G = Mean time per level.
                   A        B        C        D        E       F      G
               +--------+--------+--------+--------+--------+-----+--------+
         Total |   4911 |   4707 |    204 |      0 |   3883 |   6 |  818.5 |
       Dungeon |   4006 |   3815 |    191 |      0 |   3186 |   4 | 1001.5 |
        Temple |     63 |     50 |     13 |      0 |     22 |   1 |   63.0 |
       Ossuary |    841 |    841 |      0 |      0 |    675 |   1 |  841.0 |
               +--------+--------+--------+--------+--------+-----+--------+

Top non-repeatable levels by time:
     D:2: 1396 daAuts
     D:1: 1347 daAuts
     D:3: 1050 daAuts
 Ossuary: 841 daAuts
     D:4: 212 daAuts
  Temple: 63 daAuts
